 Dungeon Crawl Stone Soup version 0.31-a0-204-g7da18cac08 (webtiles) character file.

Game seed: 17964578433319356302

49 lunkers the Cudgeller (level 4, -4/35 HPs)
             Began as a Meteoran Wanderer on June 27, 2023.
             Slain by a worm (7 damage)
             ... on level 2 of the Dungeon.
             The game lasted 00:02:12 (621 turns).

lunkers the Cudgeller (Meteoran Wanderer)            Turns: 621, Time: 00:02:12

Health: -4/35      AC:  3    Str: 16    XL:     4   Next: 20%
Magic:  7/7        EV: 12    Int: 16    God:
Gold:   86         SH:  0    Dex: 10    Spells: 4/5 levels left

rFire   . . .        g - +0 whip
rCold   . . .        (no shield)
rNeg    . . .        d - +0 robe
rPois   .            (no helmet)
rElec   .            (no cloak)
rCorr   .            b - +0 pair of gloves
SInv    .            (no boots)
Will    .....        (no amulet)
Stlth   +            (no ring)
HPRegen 0.25/turn    (no ring)
MPRegen 0.10/turn

%: no passive effects
@: glowing
A: sense surroundings 1, otherworldly, glowing, explore regen
a: no special abilities


You were on level 2 of the Dungeon.
You visited 1 branch of the dungeon, and saw 2 of its levels.

You collected 86 gold pieces.

Inventory:

Hand Weapons
 a - a +0 club
 g - a +0 whip (weapon)
Armour
 b - a +0 pair of gloves (worn)
 d - a +0 robe (worn)
Scrolls
 e - 2 scrolls of blinking
 f - a scroll of vulnerability {unknown}
 i - a scroll of brand weapon {unknown}
Potions
 c - 2 potions of heal wounds
 h - a potion of haste {unknown}


   Skills:
 - Level 1.1 Fighting
 + Level 4.3 Maces & Flails
 - Level 1.2 Armour
 - Level 2.4 Dodging
 - Level 2.4 Unarmed Combat
 - Level 1.3 Spellcasting
 - Level 1.2 Translocations
 - Level 2.4 Evocations


You had 4 spell levels left.
You knew the following spells:

 Your Spells              Type           Power      Damage    Failure   Level
p - Apportation           Tloc           8%         N/A       14%         1

Your spell library contained the following spells:

 Spells                   Type           Power      Damage    Failure   Level
 Portal Projectile        Hex/Tloc       6%         N/A       45%         3
 Stone Arrow              Conj/Erth      2%         3d7       54%         3
 Animate Armour           Summ/Erth      2%         N/A       91%         4
 Lehudib's Crystal Spear  Conj/Erth      0%         10d2      100%        8


Dungeon Overview and Level Annotations

Branches:
Dungeon (2/15) Zot: 577

Altars:


Innate Abilities, Weirdness & Mutations

You passively map a small area around you.
You are easily found by Zot.
You glow in the dark.
You regain HP and MP as you explore.


Message History

You barely miss the worm.
The worm is moderately wounded.
The worm bites you!
* * * LOW HITPOINT WARNING * * *
You barely miss the worm.
The worm is moderately wounded.
The worm bites you.
* * * LOW HITPOINT WARNING * * *
Casting: Apportation (safe; 14% risk of failure)
Confirm with . or Enter, or press ? or * to list all spells.
Okay, then.
You hit the worm.
The worm is heavily wounded.
You hit the worm but do no damage.
The worm is heavily wounded.
The worm misses you.
You hit the worm.
The worm is heavily wounded.
The giant cockroach waves its antennae.
You hit the worm but do no damage.
The worm is heavily wounded.
The worm bites you!
* * * LOW HITPOINT WARNING * * *
You hit the worm.
The worm is severely wounded.
You hit the worm.
The worm is almost dead.
The worm bites you.
* * * LOW HITPOINT WARNING * * *
You barely miss the worm.
The worm is almost dead.
You hit the worm.
The worm is almost dead.
The worm barely misses you.
You hit the worm but do no damage.
The worm is almost dead.
You barely miss the worm.
The worm is almost dead.
The worm bites you!
You die...

* #.# # , #.# # *
.# #.#### #.
#....# * #..*
####.# , #.#
##########.# #.#
#.........[>
#########.#
#.########.# *
.....Bw@..# #.#
##.# ########..#
#.# #... #..# #.#
#..# #..###.##
#..#
#.......######..#
#.........>......
#################


You could see a worm and a giant cockroach.

Vanquished Creatures
  2 adders (D:2)
  A dart slug (D:1)
  3 ball pythons
  3 endoplasms
  A giant cockroach (D:1)
  A goblin (D:1)
  A hobgoblin (D:2)
  4 jackals (D:2)
  7 kobolds
  3 rats (D:1)
26 creatures vanquished.

Notes
Turn   | Place    | Note
-------+----------+-------------------------------------------
     0 | D:1      | lunkers the Meteoran Wanderer began the quest for the Orb.
     0 | D:1      | lunkers set off with the following items: a +0 club, a +0
                  | pair of gloves, a potion of heal wounds, a +0 robe, 2
                  | scrolls of blinking; and the following spell memorised:
                  | Apportation; and the following spells available to
                  | memorise: Portal Projectile.
     0 | D:1      | Reached XP level 1. HP: 16/16 MP: 3/3
    32 | D:1      | Reached skill level 1 in Maces & Flails
    97 | D:1      | Reached XP level 2. HP: 16/23 MP: 5/5
   184 | D:1      | Reached skill level 2 in Maces & Flails
   307 | D:2      | Reached skill level 3 in Maces & Flails
   307 | D:2      | Reached XP level 3. HP: 27/28 MP: 6/6
   448 | D:2      | Reached skill level 4 in Maces & Flails
   459 | D:2      | Reached XP level 4. HP: 19/35 MP: 7/7
   483 | D:2      | Identified the +0 plate armour of the Catfish {rN+}
   621 | D:2      | Slain by a worm

Illustrated notes

Levels and vault maps discovered:
D:1:      ldierk_walled_garden_2, layout_basic, minmay_door_square,
          minmay_misc_feat_rows
D:2:      layout_loops_ring

Skill      XL: |  1  2  3 |
---------------+----------+-----
Maces & Flails | 1 3 4 |  4.3
Fighting       | |  1.1
Armour         | |  1.2
Dodging        | |  2.4
Unarmed Combat | |  2.4
Spellcasting   | |  1.3
Translocations | |  1.2
Evocations     | |  2.4

Action                     |  1- 3 |  4- 6 || total
---------------------------+-------+-------++-------
  Melee: Club              |    51 |       ||    51
         Whip              |    49 |    49 ||    98
         Punch             |     2 |     1 ||     3
 Armour: Robe              |    24 |     9 ||    33
  Dodge: Dodged            |    57 |    13 ||    70

Table legend: (Time is in decaauts)
 A = Elapsed time spent in this place.
 B = Non-inter-level travel time spent in this place.
 C = Inter-level travel time spent in this place.
 D = Time resting spent in this place.
 E = Time spent auto-exploring this place.
 F = Levels seen in this place.
 G = Mean time per level.
                   A        B        C        D        E       F      G
               +--------+--------+--------+--------+--------+-----+--------+
         Total |    622 |    585 |     37 |      0 |    340 |   2 |  311.0 |
       Dungeon |    622 |    585 |     37 |      0 |    340 |   2 |  311.0 |
               +--------+--------+--------+--------+--------+-----+--------+

Top non-repeatable levels by time:
     D:2: 321 daAuts
     D:1: 300 daAuts
